Flyers vs Red Wings
Created - May 12, 2022 at 23:00
Goals
|
| Flyers |
2 |
0 |
3 |
5 |
| Red Wings |
1 |
1 |
0 |
2 |
|
Shots
|
| Flyers |
10 |
9 |
10 |
29 |
| Red Wings |
8 |
10 |
11 |
29 |
|
1st period
1. Red Wings , Dylan Larkin 14 (Carson Mcmillan 15, T.J. Hensick 13) at 4:54
2. Flyers , Jordan Nolan 21 (Jakub Voracek 43, J.T. Miller 37) at 5:48
3. Flyers , Jeff Carter 19 (Drew Miller 20, Matt Smaby 12) at 19:32 (PP)
Penalties :
Jacob Trouba (Phi) for Hooking (Minor) at 8:51, Kris Versteeg (Det) for High sticking (Minor) at 14:16, Nino Niederreiter (Det) for Hooking (Minor) at 18:38
2nd period
4. Red Wings , Mike Richards 20 (Connor Brown 30, Philip Samuelsson 27) at 4:42
Penalties :
Mike Richards (Det) for Hooking (Minor) at 10:37, Michael Haley (Det) for Interference (Minor) at 16:10
3rd period
5. Flyers , Chris Mcallister 10 (Marcus Kruger 18) at 1:05
6. Flyers , Niclas Bergfors 15 (Jeff Carter 22, Matt Smaby 13) at 10:59
7. Flyers , Jordan Nolan 22 (Jakub Voracek 44, J.T. Miller 38) at 17:50
Penalties :
Matthew Lombardi (Phi) for Goalie Interference (Minor) at 2:18, Tyler Randell (Phi) for Roughing (Minor) at 14:59, Jordan Nolan (Phi) for Elbowing (Minor) at 18:43
Goalie Stats
Steve Mason (Phi), 27 saves from 29 shots - (0.931), W, 22-12-2, 60:00 minutes
Robin Lehner (Det), 24 saves from 29 shots - (0.828), L, 29-14-6, 60:00 minutes
Players Stats for Flyers
Player Name G A P +/- PIM S H SB GA TA FO MP PP MP PK MP
------------------------------------------------------------------------------------
Brian Lashoff 0 0 0 2 0 0 0 1 0 0 0/0 12:48 0:00 0:49
Brock Nelson 0 0 0 -1 0 1 1 0 0 0 0/0 9:56 0:00 1:43
Chris Mcallister 1 0 1 1 0 1 3 1 0 0 0/0 12:50 0:00 2:03
Drew Miller 0 1 1 0 0 0 2 0 0 0 0/2 15:02 3:14 0:01
J.T. Miller 0 2 2 2 0 2 1 0 0 0 3/6 22:46 3:37 3:54
Jacob Trouba 0 0 0 -1 2 1 2 2 1 0 0/0 26:40 3:55 2:42
Jakub Voracek 0 2 2 2 0 3 0 2 1 0 1/2 19:42 3:30 1:20
Jeff Carter 1 1 2 0 0 3 2 0 0 0 4/10 17:16 3:14 2:14
Jeff Woywitka 0 0 0 -1 0 0 2 0 1 1 0/0 27:00 3:55 3:23
Jonathan Ericsson 0 0 0 2 0 0 1 0 0 0 0/0 13:18 0:00 0:33
Jordan Nolan 2 0 2 2 2 7 0 2 0 1 16/30 21:54 3:30 3:11
Marcus Kruger 0 1 1 1 0 1 0 0 1 1 0/1 10:49 0:07 0:00
Matt Smaby 0 2 2 1 0 1 2 1 0 0 0/0 20:45 2:56 3:34
Matthew Lombardi 0 0 0 -1 2 2 0 0 0 0 2/2 8:11 0:00 0:00
Nathan Beaulieu 0 0 0 1 0 0 2 4 0 1 0/0 19:50 2:56 3:25
Niclas Bergfors 1 0 1 0 0 4 0 0 1 0 1/1 15:01 3:14 0:00
Travis Zajac 0 0 0 1 0 3 0 0 1 0 1/2 10:49 0:07 0:00
Tyler Randell 0 0 0 -1 2 0 0 0 0 0 0/0 8:06 0:00 0:00
Players Stats for Red Wings
Player Name G A P +/- PIM S H SB GA TA FO MP PP MP PK MP
------------------------------------------------------------------------------------
Carson Mcmillan 0 1 1 1 0 1 3 0 0 0 0/0 12:49 0:00 4:02
Connor Brown 0 1 1 -1 0 1 0 0 0 0 2/2 15:48 3:29 0:00
David Rundblad 0 0 0 -1 0 0 0 1 1 0 0/0 15:09 2:47 0:00
Drew Fata 0 0 0 -1 0 2 1 1 0 0 0/0 21:33 0:00 3:38
Dylan Larkin 1 0 1 1 0 4 0 1 0 1 1/2 14:32 4:26 0:58
Henrik Zetterberg 0 0 0 -2 0 4 2 1 0 1 10/20 20:45 3:44 0:13
Jiri Fischer 0 0 0 0 0 1 1 2 1 0 0/0 14:43 0:00 0:37
Jordin Tootoo 0 0 0 0 0 1 4 1 0 0 0/0 8:25 0:00 0:00
Kris Versteeg 0 0 0 -1 2 2 2 0 0 0 2/4 18:47 3:29 2:53
Marko Dano 0 0 0 -2 0 5 2 1 0 0 1/3 21:20 3:44 1:05
Michael Haley 0 0 0 0 2 0 0 0 0 0 0/0 9:30 0:00 1:03
Mike Richards 1 0 1 -1 2 1 3 0 0 0 9/17 15:30 3:29 0:00
Nino Niederreiter 0 0 0 -2 2 3 2 0 1 2 2/3 22:02 3:44 1:35
Ole-Kristian Tollefsen 0 0 0 0 0 0 1 0 0 1 0/0 19:56 2:47 2:36
Philip Samuelsson 0 1 1 -1 0 2 0 2 0 0 0/0 27:01 4:26 2:36
Ryan O'Byrne 0 0 0 -1 0 0 1 1 0 0 0/0 16:20 0:00 4:15
T.J. Hensick 0 1 1 0 0 2 1 0 0 1 1/5 10:26 0:00 1:53
Tye McGinn 0 0 0 1 0 0 1 0 1 0 0/0 8:29 0:00 0:00
3 Stars
1 - Jordan Nolan (Phi)
2 - Jeff Carter (Phi)
3 - Chris Mcallister (Phi)
Power Play
Flyers - 1 on 4 Attempt(s) - 25.00%
Red Wings - 0 on 4 Attempt(s) - 0.00%
Penalty Kill
Flyers - 4 on 4 Attempt(s) - 100.00%
- Score 0 goal in Penalty Kill
Red Wings - 3 on 4 Attempt(s) - 75.00%
- Score 0 goal in Penalty Kill
Team Stat
Flyers - Hits : 18 - Faceoff Wins : 28 - Blocked Shots : 13 - Penalty Minutes : 8
Red Wings - Hits : 24 - Faceoff Wins : 28 - Blocked Shots : 11 - Penalty Minutes : 8
Official
Referees : Frederick L'Ecuyer and Dan O'Rourke
Linesman : Brad Kovachik and Tyson Baker
Game Notes
No Game Note
Finance
Level 1 -- Attendance: 6000 (100.00%) -- Ticket Income $600,000
Level 2 -- Attendance: 4728 (94.56%) -- Ticket Income $283,680
Level 3 -- Attendance: 2000 (100.00%) -- Ticket Income $70,000
Level 4 -- Attendance: 4000 (100.00%) -- Ticket Income $100,000
Luxury Box -- Attendance: 1000 (100.00%) -- Ticket Income $200,000
Game was played at the Little Caesars arena.
Total Attendance: 17728 (98.49%)
Total Ticket Income: $1,253,680
Other Income: $188,052
Total Income: $1,441,732
Flyers
5 vs 5 Forward
Center Left Wing Right Wing Time % Phy DF OF
1 Jordan Nolan J.T. Miller Jakub Voracek 40 1 2 2
2 Jeff Carter Drew Miller Niclas Bergfors 30 1 2 2
3 Travis Zajac Chris Mcallister Marcus Kruger 20 1 2 2
4 Matthew Lombardi Brock Nelson Tyler Randell 10 1 2 2
5 vs 5 Defense
Defense Defense Time % Phy DF OF
1 Jacob Trouba Jeff Woywitka 40 1 2 2
2 Matt Smaby Nathan Beaulieu 30 1 2 2
3 Jonathan Ericsson Brian Lashoff 20 1 2 2
4 Jacob Trouba Jeff Woywitka 10 1 2 2
PowerPlay Forward
Center Left Wing Right Wing Time % Phy DF OF
1 Jordan Nolan J.T. Miller Jakub Voracek 60 1 2 2
2 Jeff Carter Drew Miller Niclas Bergfors 40 1 2 2
PowerPlay Defense
Defense Defense Time % Phy DF OF
1 Jacob Trouba Jeff Woywitka 60 1 2 2
2 Matt Smaby Nathan Beaulieu 40 1 2 2
Penalty Kill 4 Players Forward
Center Wing Time % Phy DF OF
1 J.T. Miller Jordan Nolan 60 1 2 2
2 Jeff Carter Jakub Voracek 40 1 2 2
Penalty Kill 4 Players Defense
Defense Defense Time % Phy DF OF
1 Jacob Trouba Jeff Woywitka 60 1 2 2
2 Matt Smaby Nathan Beaulieu 40 1 2 2
Penalty Kill - 3 Players Forward
Forward Time % Phy DF OF
1 J.T. Miller 60 1 2 2
2 Jordan Nolan 40 1 2 2
Penalty Kill - 3 Players Defense
Defense Defense Time % Phy DF OF
1 Jacob Trouba Jeff Woywitka 60 1 2 2
2 Matt Smaby Nathan Beaulieu 40 1 2 2
4 vs 4 Forward
Center Wing Time % Phy DF OF
1 J.T. Miller Jordan Nolan 60 1 2 2
2 Jeff Carter Jakub Voracek 40 1 2 2
4 vs 4 Defense
Defense Defense Time % Phy DF OF
1 Jacob Trouba Jeff Woywitka 60 1 2 2
2 Matt Smaby Nathan Beaulieu 40 1 2 2
Last Minutes Offensive
Center Left Wing Right Wing Defense Defense
Jordan Nolan J.T. Miller Jakub Voracek Jacob Trouba Jeff Woywitka
Last Minutes Defensive
Center Left Wing Right Wing Defense Defense
Jordan Nolan J.T. Miller Jakub Voracek Jacob Trouba Jeff Woywitka
Goaltenders
Starting : Steve Mason
Backup : Ilya Sorokin
Extra Forwards
Normal : Travis Zajac, Marcus Kruger, Chris Mcallister - PP : Travis Zajac, Marcus Kruger - PK : Chris Mcallister
Extra Defensemen
Normal : Jonathan Ericsson, Brian Lashoff, Matt Smaby - PP : Jonathan Ericsson - PK : Brian Lashoff, Matt Smaby
Penalty Shots
J.T. Miller, Jordan Nolan, Jeff Carter, Jakub Voracek, Drew Miller
Scratches
Dylan Olsen (Healthy), Tomas Kubalik (Healthy)
Red Wings
5 vs 5 Forward
Center Left Wing Right Wing Time % Phy DF OF
1 Henrik Zetterberg Marko Dano Nino Niederreiter 40 1 2 2
2 Mike Richards Kris Versteeg Connor Brown 30 1 2 2
3 Dylan Larkin Tye McGinn Carson Mcmillan 20 1 2 2
4 T.J. Hensick Michael Haley Jordin Tootoo 10 1 2 2
5 vs 5 Defense
Defense Defense Time % Phy DF OF
1 Philip Samuelsson Drew Fata 40 1 2 2
2 Jiri Fischer Ole-Kristian Tollefsen 30 1 2 2
3 David Rundblad Ryan O'Byrne 20 1 2 2
4 David Rundblad Ryan O'Byrne 10 1 2 2
PowerPlay Forward
Center Left Wing Right Wing Time % Phy DF OF
1 Henrik Zetterberg Marko Dano Nino Niederreiter 60 2 1 2
2 Mike Richards Kris Versteeg Connor Brown 40 2 1 2
PowerPlay Defense
Defense Defense Time % Phy DF OF
1 Philip Samuelsson Dylan Larkin 60 1 2 2
2 David Rundblad Ole-Kristian Tollefsen 40 1 2 2
Penalty Kill 4 Players Forward
Center Wing Time % Phy DF OF
1 Kris Versteeg Carson Mcmillan 60 0 4 1
2 T.J. Hensick Michael Haley 40 0 4 1
Penalty Kill 4 Players Defense
Defense Defense Time % Phy DF OF
1 Ryan O'Byrne Drew Fata 60 1 4 0
2 Philip Samuelsson Ole-Kristian Tollefsen 40 1 4 0
Penalty Kill - 3 Players Forward
Forward Time % Phy DF OF
1 Carson Mcmillan 60 1 4 0
2 Michael Haley 40 1 4 0
Penalty Kill - 3 Players Defense
Defense Defense Time % Phy DF OF
1 Ole-Kristian Tollefsen Ryan O'Byrne 60 0 5 0
2 Philip Samuelsson Drew Fata 40 0 5 0
4 vs 4 Forward
Center Wing Time % Phy DF OF
1 Henrik Zetterberg Marko Dano 55 1 2 2
2 Mike Richards Nino Niederreiter 45 1 2 2
4 vs 4 Defense
Defense Defense Time % Phy DF OF
1 Philip Samuelsson Ole-Kristian Tollefsen 60 1 2 2
2 Drew Fata Jiri Fischer 40 1 2 2
Last Minutes Offensive
Center Left Wing Right Wing Defense Defense
Henrik Zetterberg Marko Dano Nino Niederreiter Philip Samuelsson Connor Brown
Last Minutes Defensive
Center Left Wing Right Wing Defense Defense
T.J. Hensick Michael Haley Carson Mcmillan Ryan O'Byrne Drew Fata
Goaltenders
Starting : Robin Lehner
Backup : Mike McKenna
Extra Forwards
Normal : Dylan Larkin, Connor Brown, Nino Niederreiter - PP : T.J. Hensick, Carson Mcmillan - PK : Nino Niederreiter
Extra Defensemen
Normal : Philip Samuelsson, Drew Fata, Ryan O'Byrne - PP : Jiri Fischer - PK : Jiri Fischer, David Rundblad
Penalty Shots
Kris Versteeg, Dylan Larkin, Marko Dano, Mike Richards, Carson Mcmillan
Scratches
David Krejci (Healthy), Jakub Kindl (Healthy), Ryane Clowe (Healthy)
% Time on Ice - Flyers
Lines # - Real PCT - Wanted PCT - Time Play
Normal Forward
1 - 33% - 40% - 15:22
2 - 26% - 30% - 11:47
3 - 23% - 20% - 10:41
4 - 18% - 10% - 8:06
Normal Defense
1 - 42% - 40% - 19:05
2 - 29% - 30% - 13:29
3 - 25% - 20% - 11:29
4 - 4% - 10% - 1:53
PP Forward
1 - 53% - 60% - 3:37
2 - 47% - 40% - 3:14
PP Defense
1 - 57% - 60% - 3:55
2 - 43% - 40% - 2:56
PK Forward
1 - 82% - 60% - 5:53
2 - 18% - 40% - 1:20
PK Defense
1 - 53% - 60% - 3:48
2 - 47% - 40% - 3:25
PK3 Forward
1 - 0% - 60%
2 - 0% - 40%
PK3 Defense
1 - 0% - 60%
2 - 0% - 40%
44 Forward
1 - 0% - 60%
2 - 0% - 40%
44 Defense
1 - 0% - 60%
2 - 0% - 40%
Last Minute Offensive - 0:00
Last Minute Defensive - 0:00
Total
Forward - 60:00
Defense - 60:00
|
% Time on Ice - Red Wings
Lines # - Real PCT - Wanted PCT - Time Play
Normal Forward
1 - 37% - 40% - 16:49
2 - 27% - 30% - 12:13
3 - 18% - 20% - 8:29
4 - 18% - 10% - 8:25
Normal Defense
1 - 43% - 40% - 19:47
2 - 32% - 30% - 14:33
3 - 19% - 20% - 8:34
4 - 7% - 10% - 3:02
PP Forward
1 - 52% - 60% - 3:44
2 - 48% - 40% - 3:29
PP Defense
1 - 61% - 60% - 4:26
2 - 39% - 40% - 2:47
PK Forward
1 - 73% - 60% - 4:58
2 - 27% - 40% - 1:53
PK Defense
1 - 62% - 60% - 4:15
2 - 38% - 40% - 2:36
PK3 Forward
1 - 0% - 60%
2 - 0% - 40%
PK3 Defense
1 - 0% - 60%
2 - 0% - 40%
44 Forward
1 - 0% - 55%
2 - 0% - 45%
44 Defense
1 - 0% - 60%
2 - 0% - 40%
Last Minute Offensive - 0:00
Last Minute Defensive - 0:00
Total
Forward - 60:00
Defense - 60:00
|
Play-by-Play
1st period
0:01 of 1st period - Jordan Nolan wins face-off versus Marko Dano in neutral zone.
0:17 of 1st period - Icing by Philip Samuelsson.
0:18 of 1st period - Henrik Zetterberg wins face-off versus Drew Miller in Red Wings zone.
0:39 of 1st period - Snap shot by Marko Dano.
0:39 of 1st period - Shot Blocked by Nathan Beaulieu.
0:41 of 1st period - Wrist shot by Henrik Zetterberg.
0:41 of 1st period - Stopped by Steve Mason without a rebound.
0:42 of 1st period - Travis Zajac wins face-off versus Mike Richards in Flyers zone.
1:40 of 1st period - Wrist shot by Henrik Zetterberg.
1:40 of 1st period - Shot Misses the Net.
2:23 of 1st period - Snap shot by Connor Brown.
2:23 of 1st period - Shot Blocked by Jacob Trouba.
2:45 of 1st period - Slapshot by J.T. Miller.
2:45 of 1st period - Stopped by Robin Lehner with a rebound.
3:10 of 1st period - Wrist shot by Henrik Zetterberg.
3:10 of 1st period - Stopped by Steve Mason without a rebound.
3:11 of 1st period - Mike Richards wins face-off versus Jeff Carter in Flyers zone.
3:16 of 1st period - Snap shot by Kris Versteeg.
3:16 of 1st period - Stopped by Steve Mason without a rebound.
3:17 of 1st period - Mike Richards wins face-off versus Jeff Carter in Flyers zone.
3:28 of 1st period - Wrist shot by Niclas Bergfors.
3:28 of 1st period - Stopped by Robin Lehner without a rebound.
3:29 of 1st period - Connor Brown wins face-off versus Jordan Nolan in Red Wings zone.
3:29 of 1st period - Connor Brown is hit by Nathan Beaulieu.
3:43 of 1st period - Wrist shot by Kris Versteeg.
3:43 of 1st period - Shot Blocked by Jakub Voracek.
3:45 of 1st period - Slapshot by Ryan O'Byrne.
3:45 of 1st period - Shot Blocked by Jordan Nolan.
3:55 of 1st period - Henrik Zetterberg is hit by Drew Miller and loses puck.
4:02 of 1st period - Matt Smaby is hit by Marko Dano and loses puck.
4:52 of 1st period - Backhand shot by Dylan Larkin.
4:52 of 1st period - Shot Misses the Net.
4:54 of 1st period - Wrist shot by Dylan Larkin.
4:54 of 1st period - Goal by Dylan Larkin - Flyers : 0 - Red Wings : 1.
4:55 of 1st period - Jordan Nolan wins face-off versus Henrik Zetterberg in neutral zone.
5:33 of 1st period - Slapshot by Kris Versteeg.
5:33 of 1st period - Stopped by Steve Mason without a rebound.
5:34 of 1st period - Jordan Nolan wins face-off versus Henrik Zetterberg in Flyers zone.
5:40 of 1st period - Icing by David Rundblad.
5:41 of 1st period - Jordan Nolan wins face-off versus Henrik Zetterberg in Red Wings zone.
5:46 of 1st period - Wrist shot by Jakub Voracek.
5:46 of 1st period - Shot Misses the Net.
5:48 of 1st period - Wrist shot by Jordan Nolan.
5:48 of 1st period - Goal by Jordan Nolan - Flyers : 1 - Red Wings : 1.
5:49 of 1st period - Jakub Voracek wins face-off versus Dylan Larkin in neutral zone.
7:08 of 1st period - Jonathan Ericsson is hit by T.J. Hensick and loses puck.
7:25 of 1st period - Snap shot by Carson Mcmillan.
7:25 of 1st period - Shot Misses the Net.
8:51 of 1st period - Minor Penalty to Jacob Trouba for Hooking.
8:52 of 1st period - Henrik Zetterberg wins face-off versus J.T. Miller in Flyers zone.
9:05 of 1st period - Snap shot by Nino Niederreiter.
9:05 of 1st period - Shot Blocked by Nathan Beaulieu.
9:25 of 1st period - Wrist shot by Kris Versteeg.
9:25 of 1st period - Shot Misses the Net.
9:27 of 1st period - Wrist shot by Dylan Larkin.
9:27 of 1st period - Shot Misses the Net.
9:51 of 1st period - Jordan Nolan is hit by Mike Richards and loses puck.
10:51 of 1st period - Penalty to Jacob Trouba is over, Jacob Trouba is back on ice.
12:00 of 1st period - Slapshot by Matt Smaby.
12:00 of 1st period - Stopped by Robin Lehner with a rebound.
12:30 of 1st period - Connor Brown is hit by Brock Nelson and loses puck.
12:46 of 1st period - Icing by Kris Versteeg.
12:47 of 1st period - Dylan Larkin wins face-off versus J.T. Miller in Red Wings zone.
13:03 of 1st period - Snap shot by T.J. Hensick.
13:03 of 1st period - Stopped by Steve Mason with a rebound.
13:05 of 1st period - Snap shot by T.J. Hensick.
13:05 of 1st period - Shot Blocked by Brian Lashoff.
13:27 of 1st period - Slapshot by Nino Niederreiter.
13:27 of 1st period - Deflect By Marko Dano.
13:27 of 1st period - Stopped by Steve Mason without a rebound.
13:28 of 1st period - Henrik Zetterberg wins face-off versus Jeff Carter in Flyers zone.
13:52 of 1st period - Icing by Drew Miller.
13:53 of 1st period - Connor Brown wins face-off versus Marcus Kruger in Flyers zone.
14:06 of 1st period - Snap shot by Connor Brown.
14:06 of 1st period - Shot Misses the Net.
14:16 of 1st period - Minor Penalty to Kris Versteeg for High sticking.
14:17 of 1st period - Nino Niederreiter wins face-off versus Jordan Nolan in Red Wings zone.
14:44 of 1st period - Drew Miller is hit by Ryan O'Byrne and loses puck.
15:09 of 1st period - Nathan Beaulieu is hit by Carson Mcmillan and loses puck.
16:03 of 1st period - Icing by Matt Smaby.
16:04 of 1st period - Jordan Nolan wins face-off versus T.J. Hensick in Flyers zone.
16:16 of 1st period - Penalty to Kris Versteeg is over, Kris Versteeg is back on ice.
16:21 of 1st period - Ole-Kristian Tollefsen is hit by Jeff Carter and loses puck.
16:38 of 1st period - Backhand shot by Marcus Kruger.
16:38 of 1st period - Stopped by Robin Lehner with a rebound.
16:40 of 1st period - Slapshot by Jeff Woywitka.
16:40 of 1st period - Shot Misses the Net.
16:42 of 1st period - Wrist shot by Travis Zajac.
16:42 of 1st period - Stopped by Robin Lehner with a rebound.
16:56 of 1st period - Snap shot by Brock Nelson.
16:56 of 1st period - Stopped by Robin Lehner without a rebound.
16:57 of 1st period - Mike Richards wins face-off versus Jordan Nolan in Red Wings zone.
16:57 of 1st period - Mike Richards is hit by Nathan Beaulieu.
17:10 of 1st period - Matt Smaby is hit by Kris Versteeg and loses puck.
17:27 of 1st period - Wrist shot by Marko Dano.
17:27 of 1st period - Stopped by Steve Mason with a rebound.
18:28 of 1st period - Jacob Trouba is hit by Henrik Zetterberg and loses puck.
18:38 of 1st period - Minor Penalty to Nino Niederreiter for Hooking.
18:39 of 1st period - Jordan Nolan wins face-off versus Kris Versteeg in Red Wings zone.
18:42 of 1st period - Snap shot by Jordan Nolan.
18:42 of 1st period - Stopped by Robin Lehner without a rebound.
18:43 of 1st period - Kris Versteeg wins face-off versus Jordan Nolan in Red Wings zone.
19:09 of 1st period - Off-side.
19:10 of 1st period - Jeff Carter wins face-off versus T.J. Hensick in neutral zone.
19:32 of 1st period - Snap shot by Jeff Carter.
19:32 of 1st period - Goal by Jeff Carter - Flyers : 2 - Red Wings : 1.
19:33 of 1st period - Jordan Nolan wins face-off versus Henrik Zetterberg in neutral zone.
19:50 of 1st period - Wrist shot by Jakub Voracek.
19:50 of 1st period - Deflect By Jordan Nolan.
19:50 of 1st period - Stopped by Robin Lehner with a rebound.
Goals for this period are 2 for Flyers vs 1 for Red Wings.
Shots for this period are 10 for Flyers vs 8 for Red Wings.
2nd period
0:01 of 2nd period - Henrik Zetterberg wins face-off versus Jordan Nolan in neutral zone.
0:16 of 2nd period - Henrik Zetterberg is hit by J.T. Miller and loses puck.
0:33 of 2nd period - Slapshot by Travis Zajac.
0:33 of 2nd period - Shot Blocked by Philip Samuelsson.
0:35 of 2nd period - Snap shot by Jeff Woywitka.
0:35 of 2nd period - Deflect By Marcus Kruger.
0:35 of 2nd period - Deflect By Henrik Zetterberg.
0:35 of 2nd period - Shot Blocked by Drew Fata.
0:35 of 2nd period - Puck is out of play.
0:36 of 2nd period - Mike Richards wins face-off versus Jeff Carter in Red Wings zone.
1:31 of 2nd period - Slapshot by Marko Dano.
1:31 of 2nd period - Stopped by Steve Mason with a rebound.
1:33 of 2nd period - Wrist shot by Nino Niederreiter.
1:33 of 2nd period - Stopped by Steve Mason with a rebound.
1:35 of 2nd period - Wrist shot by Henrik Zetterberg.
1:35 of 2nd period - Shot Blocked by Chris Mcallister.
1:37 of 2nd period - Snap shot by Marko Dano.
1:37 of 2nd period - Stopped by Steve Mason with a rebound.
1:39 of 2nd period - Slapshot by Jiri Fischer.
1:39 of 2nd period - Shot Blocked by Nathan Beaulieu.
1:41 of 2nd period - Snap shot by Nino Niederreiter.
1:41 of 2nd period - Shot Blocked by Nathan Beaulieu.
2:00 of 2nd period - Wrist shot by Jordin Tootoo.
2:00 of 2nd period - Shot Misses the Net.
3:06 of 2nd period - Travis Zajac is hit by Mike Richards and loses puck.
3:23 of 2nd period - Backhand shot by Travis Zajac.
3:23 of 2nd period - Stopped by Robin Lehner with a rebound.
3:25 of 2nd period - Snap shot by Chris Mcallister.
3:25 of 2nd period - Shot Misses the Net.
3:27 of 2nd period - Snap shot by Marcus Kruger.
3:27 of 2nd period - Deflect By Travis Zajac.
3:27 of 2nd period - Stopped by Robin Lehner without a rebound.
3:28 of 2nd period - Henrik Zetterberg wins face-off versus Jordan Nolan in Red Wings zone.
3:28 of 2nd period - Nino Niederreiter is hit by Jeff Woywitka and loses puck.
4:02 of 2nd period - Jiri Fischer is hit by Matt Smaby and loses puck.
4:07 of 2nd period - Wrist shot by Jeff Carter.
4:07 of 2nd period - Stopped by Robin Lehner without a rebound.
4:08 of 2nd period - Jordan Nolan wins face-off versus Henrik Zetterberg in Red Wings zone.
4:09 of 2nd period - Snap shot by Jakub Voracek.
4:09 of 2nd period - Shot Misses the Net.
4:11 of 2nd period - Wrist shot by Jordan Nolan.
4:11 of 2nd period - Shot Misses the Net.
4:33 of 2nd period - Drew Miller is hit by Drew Fata and loses puck.
4:40 of 2nd period - Wrist shot by Mike Richards.
4:40 of 2nd period - Shot Misses the Net.
4:42 of 2nd period - Snap shot by Mike Richards.
4:42 of 2nd period - Goal by Mike Richards - Flyers : 2 - Red Wings : 2.
4:43 of 2nd period - Marko Dano wins face-off versus Jordan Nolan in neutral zone.
4:46 of 2nd period - Wrist shot by Henrik Zetterberg.
4:46 of 2nd period - Shot Blocked by Jakub Voracek.
4:48 of 2nd period - Snap shot by Philip Samuelsson.
4:48 of 2nd period - Shot Blocked by Jacob Trouba.
4:50 of 2nd period - Snap shot by Nino Niederreiter.
4:50 of 2nd period - Shot Misses the Net.
4:54 of 2nd period - Snap shot by Nino Niederreiter.
4:54 of 2nd period - Deflect By Marko Dano.
4:54 of 2nd period - Stopped by Steve Mason with a rebound.
4:56 of 2nd period - Wrist shot by Nino Niederreiter.
4:56 of 2nd period - Stopped by Steve Mason without a rebound.
4:57 of 2nd period - Jordan Nolan wins face-off versus Henrik Zetterberg in Flyers zone.
5:06 of 2nd period - Snap shot by J.T. Miller.
5:06 of 2nd period - Stopped by Robin Lehner without a rebound.
5:07 of 2nd period - Jordan Nolan wins face-off versus Henrik Zetterberg in Red Wings zone.
5:40 of 2nd period - Snap shot by Jakub Voracek.
5:40 of 2nd period - Stopped by Robin Lehner with a rebound.
5:56 of 2nd period - Snap shot by J.T. Miller.
5:56 of 2nd period - Shot Misses the Net.
5:58 of 2nd period - Wrist shot by Jordan Nolan.
5:58 of 2nd period - Shot Blocked by Marko Dano.
6:00 of 2nd period - Snap shot by Jordan Nolan.
6:00 of 2nd period - Stopped by Robin Lehner without a rebound.
6:01 of 2nd period - Mike Richards wins face-off versus Jeff Carter in Red Wings zone.
6:14 of 2nd period - David Rundblad is hit by Drew Miller and loses puck.
6:27 of 2nd period - Matt Smaby is hit by Carson Mcmillan and loses puck.
6:34 of 2nd period - Snap shot by Dylan Larkin.
6:34 of 2nd period - Stopped by Steve Mason with a rebound.
6:38 of 2nd period - Wrist shot by Dylan Larkin.
6:38 of 2nd period - Stopped by Steve Mason with a rebound.
6:57 of 2nd period - Matthew Lombardi is hit by Jordin Tootoo and loses puck.
7:29 of 2nd period - Jakub Voracek is hit by Nino Niederreiter and loses puck.
7:55 of 2nd period - Off-side.
7:56 of 2nd period - T.J. Hensick wins face-off versus Drew Miller in neutral zone.
8:02 of 2nd period - Niclas Bergfors is hit by Jordin Tootoo.
8:06 of 2nd period - Jiri Fischer is hit by Jeff Carter and loses puck.
8:53 of 2nd period - Off-side.
8:54 of 2nd period - Niclas Bergfors wins face-off versus Mike Richards in neutral zone.
9:23 of 2nd period - Jordan Nolan is hit by Nino Niederreiter and loses puck.
9:31 of 2nd period - Slapshot by Drew Fata.
9:31 of 2nd period - Stopped by Steve Mason without a rebound.
9:32 of 2nd period - Jordan Nolan wins face-off versus Mike Richards in Flyers zone.
9:43 of 2nd period - Snap shot by Jakub Voracek.
9:43 of 2nd period - Shot Blocked by David Rundblad.
9:47 of 2nd period - Snap shot by Jakub Voracek.
9:47 of 2nd period - Shot Misses the Net.
9:49 of 2nd period - Snap shot by J.T. Miller.
9:49 of 2nd period - Shot Misses the Net.
9:59 of 2nd period - Niclas Bergfors is hit by Marko Dano and loses puck.
10:10 of 2nd period - Wrist shot by Niclas Bergfors.
10:10 of 2nd period - Stopped by Robin Lehner with a rebound.
10:28 of 2nd period - Wrist shot by Tyler Randell.
10:28 of 2nd period - Shot Misses the Net.
10:30 of 2nd period - Slapshot by Jacob Trouba.
10:30 of 2nd period - Shot Blocked by Ryan O'Byrne.
10:32 of 2nd period - Slapshot by Jacob Trouba.
10:32 of 2nd period - Stopped by Robin Lehner without a rebound.
10:33 of 2nd period - Jordan Nolan wins face-off versus Mike Richards in Red Wings zone.
10:34 of 2nd period - Snap shot by Jakub Voracek.
10:34 of 2nd period - Stopped by Robin Lehner without a rebound.
10:35 of 2nd period - Mike Richards wins face-off versus Jordan Nolan in Red Wings zone.
10:37 of 2nd period - Minor Penalty to Mike Richards for Hooking.
10:38 of 2nd period - Jordan Nolan wins face-off versus Kris Versteeg in Red Wings zone.
12:33 of 2nd period - Drew Fata is hit by Matt Smaby and loses puck.
12:37 of 2nd period - Penalty to Mike Richards is over, Mike Richards is back on ice.
12:46 of 2nd period - Snap shot by Nino Niederreiter.
12:46 of 2nd period - Shot Blocked by Matt Smaby.
13:35 of 2nd period - Slapshot by Philip Samuelsson.
13:35 of 2nd period - Shot Misses the Net.
14:32 of 2nd period - Brian Lashoff is hit by Mike Richards and loses puck.
14:52 of 2nd period - Matt Smaby is hit by Jordin Tootoo and loses puck.
15:24 of 2nd period - Jacob Trouba is hit by Tye McGinn and loses puck.
15:35 of 2nd period - Kris Versteeg is hit by Jeff Woywitka and loses puck.
16:02 of 2nd period - Snap shot by T.J. Hensick.
16:02 of 2nd period - Stopped by Steve Mason with a rebound.
16:10 of 2nd period - Minor Penalty to Michael Haley for Interference.
16:11 of 2nd period - Kris Versteeg wins face-off versus Jordan Nolan in Red Wings zone.
16:45 of 2nd period - Wrist shot by Nino Niederreiter.
16:45 of 2nd period - Shot Misses the Net.
17:36 of 2nd period - Icing by Nathan Beaulieu.
17:37 of 2nd period - Jordan Nolan wins face-off versus T.J. Hensick in Flyers zone.
18:10 of 2nd period - Penalty to Michael Haley is over, Michael Haley is back on ice.
18:22 of 2nd period - Nino Niederreiter is hit by Chris Mcallister and loses puck.
18:49 of 2nd period - Jonathan Ericsson is hit by Jordin Tootoo and loses puck.
19:06 of 2nd period - Jonathan Ericsson is hit by Kris Versteeg.
Goals for this period are 0 for Flyers vs 1 for Red Wings.
Shots for this period are 9 for Flyers vs 10 for Red Wings.
3rd period
0:01 of 3rd period - Henrik Zetterberg wins face-off versus Jordan Nolan in neutral zone.
0:08 of 3rd period - Slapshot by Henrik Zetterberg.
0:08 of 3rd period - Shot Misses the Net.
0:12 of 3rd period - Snap shot by Henrik Zetterberg.
0:12 of 3rd period - Shot Misses the Net.
0:14 of 3rd period - Wrist shot by Henrik Zetterberg.
0:14 of 3rd period - Stopped by Steve Mason without a rebound.
0:15 of 3rd period - Jeff Carter wins face-off versus Mike Richards in Flyers zone.
0:26 of 3rd period - Snap shot by Philip Samuelsson.
0:26 of 3rd period - Stopped by Steve Mason without a rebound.
0:27 of 3rd period - Henrik Zetterberg wins face-off versus Jakub Voracek in Flyers zone.
0:54 of 3rd period - Henrik Zetterberg is hit by Chris Mcallister and loses puck.
1:05 of 3rd period - Wrist shot by Chris Mcallister.
1:05 of 3rd period - Goal by Chris Mcallister - Flyers : 3 - Red Wings : 2.
1:06 of 3rd period - Mike Richards wins face-off versus Jordan Nolan in neutral zone.
2:15 of 3rd period - Snap shot by Jordin Tootoo.
2:15 of 3rd period - Stopped by Steve Mason with a rebound.
2:17 of 3rd period - Slapshot by Jiri Fischer.
2:17 of 3rd period - Stopped by Steve Mason without a rebound.
2:18 of 3rd period - Matthew Lombardi wins face-off versus Nino Niederreiter in Flyers zone.
2:18 of 3rd period - Minor Penalty to Matthew Lombardi for Goalie Interference.
2:19 of 3rd period - J.T. Miller wins face-off versus Henrik Zetterberg in Flyers zone.
2:48 of 3rd period - Wrist shot by Connor Brown.
2:48 of 3rd period - Stopped by Steve Mason without a rebound.
2:49 of 3rd period - J.T. Miller wins face-off versus Mike Richards in Flyers zone.
3:24 of 3rd period - Wrist shot by Jakub Voracek.
3:24 of 3rd period - Shot Misses the Net.
4:16 of 3rd period - Brock Nelson is hit by Henrik Zetterberg and loses puck.
4:18 of 3rd period - Penalty to Matthew Lombardi is over, Matthew Lombardi is back on ice.
4:55 of 3rd period - Travis Zajac is hit by Carson Mcmillan and loses puck.
5:16 of 3rd period - Backhand shot by J.T. Miller.
5:16 of 3rd period - Shot Blocked by Jordin Tootoo.
6:00 of 3rd period - Travis Zajac is hit by Ole-Kristian Tollefsen and loses puck.
7:12 of 3rd period - Icing by Connor Brown.
7:13 of 3rd period - Matthew Lombardi wins face-off versus Mike Richards in Red Wings zone.
7:23 of 3rd period - Off-side.
7:24 of 3rd period - Nino Niederreiter wins face-off versus Jordan Nolan in neutral zone.
7:33 of 3rd period - Wrist shot by Henrik Zetterberg.
7:33 of 3rd period - Shot Misses the Net.
7:41 of 3rd period - Wrist shot by Nino Niederreiter.
7:41 of 3rd period - Stopped by Steve Mason with a rebound.
7:53 of 3rd period - Backhand shot by Niclas Bergfors.
7:53 of 3rd period - Shot Misses the Net.
8:11 of 3rd period - Mike Richards is hit by Jacob Trouba and loses puck.
9:41 of 3rd period - Connor Brown is hit by Chris Mcallister and loses puck.
10:02 of 3rd period - Wrist shot by Brock Nelson.
10:02 of 3rd period - Shot Misses the Net.
10:04 of 3rd period - Wrist shot by Matthew Lombardi.
10:04 of 3rd period - Stopped by Robin Lehner with a rebound.
10:59 of 3rd period - Wrist shot by Niclas Bergfors.
10:59 of 3rd period - Goal by Niclas Bergfors - Flyers : 4 - Red Wings : 2.
11:00 of 3rd period - Jordan Nolan wins face-off versus Henrik Zetterberg in neutral zone.
11:07 of 3rd period - Snap shot by Jordan Nolan.
11:07 of 3rd period - Shot Misses the Net.
11:09 of 3rd period - Snap shot by J.T. Miller.
11:09 of 3rd period - Shot Misses the Net.
11:11 of 3rd period - Slapshot by Jacob Trouba.
11:11 of 3rd period - Shot Blocked by Henrik Zetterberg.
11:13 of 3rd period - Slapshot by J.T. Miller.
11:13 of 3rd period - Shot Misses the Net.
11:15 of 3rd period - Snap shot by Jordan Nolan.
11:15 of 3rd period - Stopped by Robin Lehner with a rebound.
11:17 of 3rd period - Slapshot by Jeff Woywitka.
11:17 of 3rd period - Deflect By Jordan Nolan.
11:17 of 3rd period - Stopped by Robin Lehner without a rebound.
11:18 of 3rd period - Jeff Carter wins face-off versus Mike Richards in Red Wings zone.
11:21 of 3rd period - Wrist shot by Niclas Bergfors.
11:21 of 3rd period - Stopped by Robin Lehner with a rebound.
12:06 of 3rd period - Snap shot by Tyler Randell.
12:06 of 3rd period - Shot Misses the Net.
12:08 of 3rd period - Slapshot by Matt Smaby.
12:08 of 3rd period - Shot Blocked by Dylan Larkin.
12:10 of 3rd period - Wrist shot by Matthew Lombardi.
12:10 of 3rd period - Stopped by Robin Lehner with a rebound.
12:12 of 3rd period - Wrist shot by Matthew Lombardi.
12:12 of 3rd period - Shot Misses the Net.
12:14 of 3rd period - Wrist shot by Matthew Lombardi.
12:14 of 3rd period - Deflect By Carson Mcmillan.
12:14 of 3rd period - Shot Blocked by Philip Samuelsson.
12:14 of 3rd period - Puck is out of play.
12:15 of 3rd period - Mike Richards wins face-off versus Jeff Carter in Red Wings zone.
12:29 of 3rd period - Snap shot by Jeff Carter.
12:29 of 3rd period - Stopped by Robin Lehner with a rebound.
12:49 of 3rd period - Wrist shot by Jakub Voracek.
12:49 of 3rd period - Shot Blocked by Jiri Fischer.
13:11 of 3rd period - Snap shot by Dylan Larkin.
13:11 of 3rd period - Stopped by Steve Mason with a rebound.
13:23 of 3rd period - Michael Haley is hit by Jacob Trouba and loses puck.
14:07 of 3rd period - Wrist shot by Nino Niederreiter.
14:07 of 3rd period - Shot Blocked by Jordan Nolan.
14:34 of 3rd period - Wrist shot by Philip Samuelsson.
14:34 of 3rd period - Deflect By Travis Zajac.
14:34 of 3rd period - Stopped by Steve Mason with a rebound.
14:36 of 3rd period - Snap shot by Carson Mcmillan.
14:36 of 3rd period - Stopped by Steve Mason with a rebound.
14:38 of 3rd period - Wrist shot by Drew Fata.
14:38 of 3rd period - Deflect By Jonathan Ericsson.
14:38 of 3rd period - Stopped by Steve Mason with a rebound.
14:57 of 3rd period - Wrist shot by Jordin Tootoo.
14:57 of 3rd period - Shot Misses the Net.
14:59 of 3rd period - Minor Penalty to Tyler Randell for Roughing.
15:00 of 3rd period - Jordan Nolan wins face-off versus Henrik Zetterberg in Flyers zone.
15:15 of 3rd period - Slapshot by Philip Samuelsson.
15:15 of 3rd period - Deflect By Nino Niederreiter.
15:15 of 3rd period - Shot Misses the Net.
15:15 of 3rd period - Puck is out of play.
15:16 of 3rd period - J.T. Miller wins face-off versus Marko Dano in Flyers zone.
16:25 of 3rd period - Snap shot by Jakub Voracek.
16:25 of 3rd period - Shot Misses the Net.
16:59 of 3rd period - Penalty to Tyler Randell is over, Tyler Randell is back on ice.
17:08 of 3rd period - Off-side.
17:09 of 3rd period - Jeff Carter wins face-off versus T.J. Hensick in neutral zone.
17:12 of 3rd period - Slapshot by Brian Lashoff.
17:12 of 3rd period - Deflect By Niclas Bergfors.
17:12 of 3rd period - Shot Misses the Net.
17:12 of 3rd period - Puck is out of play.
17:13 of 3rd period - Henrik Zetterberg wins face-off versus Travis Zajac in Red Wings zone.
17:13 of 3rd period - Henrik Zetterberg is hit by Jonathan Ericsson.
17:31 of 3rd period - Chris Mcallister is hit by Jiri Fischer and loses puck.
17:46 of 3rd period - Snap shot by Jakub Voracek.
17:46 of 3rd period - Stopped by Robin Lehner with a rebound.
17:48 of 3rd period - Snap shot by Jordan Nolan.
17:48 of 3rd period - Shot Blocked by Jiri Fischer.
17:50 of 3rd period - Snap shot by Jordan Nolan.
17:50 of 3rd period - Goal by Jordan Nolan - Flyers : 5 - Red Wings : 2.
17:51 of 3rd period - Henrik Zetterberg wins face-off versus Jordan Nolan in neutral zone.
18:00 of 3rd period - Snap shot by Henrik Zetterberg.
18:00 of 3rd period - Stopped by Steve Mason without a rebound.
18:01 of 3rd period - Henrik Zetterberg wins face-off versus Jordan Nolan in Flyers zone.
18:16 of 3rd period - Wrist shot by Jakub Voracek.
18:16 of 3rd period - Shot Misses the Net.
18:43 of 3rd period - Minor Penalty to Jordan Nolan for Elbowing.
18:44 of 3rd period - Mike Richards wins face-off versus J.T. Miller in Flyers zone.
Goals for this period are 3 for Flyers vs 0 for Red Wings.
Shots for this period are 10 for Flyers vs 11 for Red Wings.